 Dungeon Crawl Stone Soup version 0.20-a0-959-gdc9e609 (webtiles) character file.

66 Duffy the Shield-Bearer (level 4, -6/35 HPs)
             Began as a Formicid Fighter on Apr 6, 2017.
             Mangled by an iguana (12 damage)
             ... on level 4 of the Dungeon.
             The game lasted 00:00:56 (784 turns).

Duffy the Shield-Bearer (Formicid Fighter)           Turns: 784, Time: 00:00:57

Health: -6/35      AC:  5    Str: 22    XL:     4   Next: 37%
Magic:  4/4        EV:  8    Int:  7    God:
Gold:   0          SH: 10    Dex: 10    Spells: 3/3 levels left

rFire    . . .     SeeInvis +   a - +0 war axe
rCold    . . .     Gourm    .   c - +0 shield
rNeg     . . .     Faith    .   i - -1 scale mail (curse)
rPois    .         Spirit   .   (helmet unavailable)
rElec    .         Reflect  .   (no cloak)
rCorr    .         Harm     .   (no gloves)
MR       .....                  (no boots)
Stlth    ..........             (no amulet)
Regen    0.2/turn               (no ring)
MPRegen  0.1/turn               (no ring)

@: no status effects
A: permanent stasis, dig shafts and tunnels, four strong arms, antennae 3
a: Dig, Shaft Self


You were on level 4 of the Dungeon.
You were not hungry.

You visited 1 branch of the dungeon, and saw 4 of its levels.

Inventory:

Hand Weapons
 a - a +0 war axe (weapon)
Armour
 b - a +0 scale mail
 c - a +0 shield (worn)
 i - a cursed -1 scale mail (worn)
Scrolls
 e - a scroll of fog {unknown}
 g - a scroll of immolation {unknown}
 h - a scroll of teleportation {unknown}
 k - a scroll of noise {unknown}
Potions
 d - a potion of might
 j - a potion of curing {unknown}
Comestibles
 f - a bread ration


   Skills:
 - Level 3.2 Fighting
 + Level 3.4 Axes
 - Level 3.2 Armour
 + Level 4.7 Shields


You had 3 spell levels left.
You didn't know any spells.

Dungeon Overview and Level Annotations

Branches:
Dungeon (4/15)
 Temple: D:4-7

Altars:


Innate Abilities, Weirdness & Mutations

You cannot be hasted, slowed, berserked, paralysed or teleported.
You can dig through walls and to a lower floor.
Your four strong arms can wield two-handed weapons with a shield.
You have a pair of large antennae on your head. (SInv)


Message History

You are too injured to fight recklessly!
You are too injured to fight recklessly!
You are too injured to fight recklessly!
You are too injured to fight recklessly!
You barely miss the iguana.
The iguana is moderately wounded.
You block the iguana's attack.
You barely miss the iguana.
The iguana is moderately wounded.
The iguana bites you! You block the iguana's attack.
You closely miss the iguana.
The iguana is moderately wounded.
You block the iguana's attack.
You barely miss the iguana.
The iguana is moderately wounded.
The iguana barely misses you.
You hit the iguana but do no damage.
The iguana is moderately wounded.
The iguana bites you!
You die...

..#####.###..#
..........#..##
#..............
#..####.#.#....
#. #.#....###
#.#.###........
#....?........#
.....##.#####.#
........@l..#.#
...#.##..##.#
## # #... #.###
#.# ..# ..# ...


You could see an iguana.

Vanquished Creatures
  4 gnolls (D:3)
  An adder (D:3)
  An ooze (D:4)
  A leopard gecko (D:3)
  A giant cockroach (D:3)
  A goblin (D:1)
  3 jackals (D:2)
  A quokka (D:3)
  A bat (D:3)
14 creatures vanquished.

Notes
Turn   | Place    | Note
-------+----------+-------------------------------------------
     0 | D:1      | Duffy the Formicid Fighter began the quest for the Orb.
     0 | D:1      | Reached XP level 1. HP: 18/18 MP: 1/1
   257 | D:3      | Reached skill level 4 in Shields
   257 | D:3      | Reached XP level 2. HP: 23/24 MP: 2/2
   372 | D:3      | Reached XP level 3. HP: 27/29 MP: 3/3
   381 | D:3      | Reached XP level 4. HP: 11/35 MP: 4/4
   784 | D:4      | Mangled by an iguana

Vault maps used:
D:1:      dpeg_arrival_subterranean_lakeside_camping
D:2:      okawaru_metal_pillars_1_2, minmay_rat_gold_closets
D:3:      nicolae_overflow_crystal_walls, nicolae_overflow_hidden_temple,
          chequers_temple_overflow_statue_of_worship, kennysheep_jessica_study
D:4:      first_bread, nicolae_ossuary_entry_ruins

Skill      XL: |  1  2  3 |
---------------+----------+-----
Shields        | 4 |  4.7
Axes           | 3 |  3.4
Fighting       | |  3.2
Armour         | |  3.2

Action                   |  1- 3 |  4- 6 || total
-------------------------+-------+-------++-------
Melee: War axe           |    42 |    18 ||    60
 Abil: Dig               |     1 |       ||     1
Armor: Scale mail        |    21 |     4 ||    25
Dodge: Dodged            |    15 |     5 ||    20
Block: Shield            |    28 |     8 ||    36
